Map: Blackrock LE

Players

SortOf - Winner!

  • Race: Zerg Zerg
  • League: Master
  • Spawn Location: 1:00

llllllllllll (sOs)

  • Race: Protoss Protoss
  • League: Master
  • Spawn Location: 7:00

VOD

Have the link to the VOD?

Description

Time

  • Played on: June 23, 2026, 3:06 a.m.
  • Length: 38:54
Show
View Real Time Build Order
Export as new Build Order

SortOf Zerg - Winner!

Build Orders: Pool First, Lurkers 

Get SALT Encoding   

  8  0:00  Drone  
  9  0:10  Drone  
  10  0:16  Drone  
  11  0:22  Drone  
  12  0:30  Extractor, Drone  
  13  0:39  Overlord  
  13  0:57  Drone x2  
  13  0:58  Drone  
  16  1:06  Extractor  
  16  1:07  Drone  
  16  1:12  Spawning Pool  
  16  1:17  Drone  
  16  1:27  Drone  
  17  1:42  Hatchery  
  17  1:46  Drone  
  17  1:55  Overlord  
  17  1:58  Zergling x2  
  19  2:15  Zergling x2  
  19  2:16  Metabolic Boost  
  19  2:18  Drone  
  20  2:25  Queen  
  22  2:38  Drone  
  23  2:47  Hatchery  
  23  2:51  Zergling x2  
  23  2:54  Drone  
  24  2:59  Drone  
  24  3:04  Overlord  
  24  3:15  Spore Crawler  
  24  3:17  Spore Crawler, Drone x2  
  24  3:24  Drone x2  
  27  3:29  Queen  
  29  3:34  Drone  
  29  3:37  Drone  
  29  3:38  Drone  
  32  3:43  Zergling x4  
  34  3:51  Drone x2  
  34  3:52  Drone  
  36  3:55  Drone  
  36  3:59  Spore Crawler  
  36  4:01  Spore Crawler  
  36  4:02  Drone  
  36  4:06  Drone  
  36  4:09  Drone  
  38  4:12  Drone x2  
  38  4:13  Drone  
  41  4:17  Zergling x2  
  41  4:19  Zergling x2  
  41  4:22  Overlord  
  43  4:25  Drone  
  43  4:36  Overlord  
  43  4:38  Spore Crawler  
  43  4:40  Queen  
  43  4:41  Queen  
  46  4:50  Zergling x10  
  46  4:52  Drone  
  51  4:55  Drone  
  51  4:56  Drone  
  51  4:58  Drone  
  51  4:59  Drone  
  55  5:07  Drone x2  
  55  5:11  Drone x4  
  59  5:17  Overlord  
  59  5:18  Roach Warren  
  59  5:20  Drone  
  59  5:25  Overlord  
  58  5:31  Zergling x4, Overlord  
  59  5:37  Drone x2  
  59  5:38  Drone x2  
  59  5:41  Lair  
  59  5:42  Evolution Chamber  
  61  5:43  Drone x3  
  61  5:45  Drone  
  65  5:52  Drone x6  
  71  5:58  Overlord  
  71  6:00  Queen  
  73  6:06  Zergling x10  
  73  6:10  Extractor  
  73  6:11  Zergling x2  
  78  6:12  Zerg Melee Weapons Level 1  
  78  6:14  Zergling x4  
  80  6:24  Zergling x6  
  83  6:26  Hatchery  
  83  6:28  Extractor  
  83  6:29  Drone x3, Extractor  
  83  6:30  Overlord  
  83  6:33  Zergling x6  
  83  6:36  Overlord  
  86  6:43  Zergling x10  
  86  6:45  Overlord  
  89  6:52  Hydralisk Den  
  89  6:53  Zergling x4  
  90  6:54  Queen  
  90  6:59  Overseer  
  95  7:01  Zergling x14  
  98  7:10  Zergling x10  
  103  7:18  Extractor  
  103  7:20  Hatchery, Zergling x6  
  103  7:25  Zergling x2  
  103  7:26  Hatchery  
  99  7:31  Zergling x10  
  104  7:38  Drone x3  
  104  7:39  Muscular Augments  
  104  7:40  Drone x2  
  104  7:41  Drone x2, Infestation Pit  
  110  7:44  Overlord  
  110  7:46  Overlord  
  110  7:51  Overlord  
  107  8:00  Overlord  
  107  8:03  Overlord  
  103  8:07  Drone x5  
  103  8:08  Hydralisk  
  103  8:09  Hydralisk x4  
  103  8:11  Drone x2  
  120  8:18  Drone x3  
  123  8:24  Hive  
  123  8:26  Zerg Melee Weapons Level 2  
  123  8:27  Evolution Chamber  
  123  8:31  Hydralisk  
  123  8:32  Extractor  
  123  8:33  Hydralisk  
  125  8:38  Hydralisk x2  
  128  8:42  Zergling x8  
  128  8:43  Grooved Spines  
  128  8:47  Hydralisk x3  
  134  8:50  Hydralisk  
  134  8:54  Overlord  
  136  8:57  Hydralisk x2  
  136  8:58  Zergling x4  
  136  9:00  Zergling x2  
  142  9:06  Hydralisk  
  142  9:09  Zergling x14  
  136  9:11  Hydralisk  
  136  9:16  Hydralisk x2  
  129  9:22  Drone x7  
  131  9:29  Zerg Ground Armor Level 1  
  131  9:30  Lurker Den  
  130  9:33  Hydralisk  
  130  9:37  Zergling x16  
  140  9:41  Drone x3  
  140  9:43  Overseer  
  140  9:44  Overlord  
  140  9:45  Zergling x4  
  145  9:50  Overlord  
  145  9:52  Hydralisk x2  
  145  9:56  Overlord  
  149  10:03  Extractor, Adrenal Glands  
  149  10:05  Extractor, Zergling x12  
  153  10:11  Drone  
  153  10:12  Drone x2  
  153  10:13  Drone x3  
  159  10:18  Zergling x12  
  164  10:25  Zergling x8  
  164  10:28  Seismic Spines, Lurker  
  168  10:29  Lurker x3  
  172  10:36  Lurker  
  172  10:37  Hydralisk  
  172  10:38  Zergling x16  
  183  10:42  Spine Crawler  
  183  10:49  Overlord  
  182  10:52  Zerg Melee Weapons Level 3  
  182  10:57  Lurker  
  183  11:00  Overlord  
  183  11:11  Hatchery  
  175  11:21  Hydralisk x3  
  175  11:22  Zergling x24  
  175  11:25  Adaptive Talons  
  187  11:31  Infestor  
  187  11:32  Infestor  
  189  11:33  Ultralisk Cavern  
  189  11:36  Hatchery, Zergling x26  
  195  11:44  Spine Crawler  
  194  11:47  Lurker x3  
  196  11:57  Overlord  
  196  11:59  Drone x5  
  199  12:08  Pneumatized Carapace, Overseer  
  194  12:14  Zergling x20  
  192  12:22  Chitinous Plating  
  192  12:24  Zerg Ground Armor Level 2  
  192  12:26  Ultralisk  
  194  12:30  Infestor x2  
  198  12:50  Hatchery, Unknown  
  181  12:59  Ultralisk x3, Zergling x10  
  181  13:00  Zergling x8  
  181  13:01  Zergling x8  
  198  13:13  Extractor  
  198  13:14  Extractor  
  198  13:19  Spire  
  195  13:20  Spire  
  195  13:22  Drone x5  
  187  13:37  Ultralisk x2, Zergling x8  
  195  13:48  Overlord  
  195  13:50  Overseer x4, Overlord x6  
  195  13:53  Neural Parasite  
  195  14:06  Drone x4  
  195  14:07  Spore Crawler  
  198  14:15  Hatchery  
  197  14:18  Drone x2  
  199  14:24  Zerg Missile Weapons Level 1  
  199  14:35  Infestor  
  198  14:59  Zerg Flyer Weapons Level 1  
  198  15:00  Zerg Flyer Armor Level 1  
  198  15:07  Extractor  
  198  15:12  Drone x3, Spine Crawler  
  199  15:15  Spore Crawler  
  199  15:19  Infestor  
  200  15:23  Burrow  
  196  15:51  Infestor  
  196  15:53  Overlord  
  198  15:57  Zergling x4  
  198  16:09  Zergling x8  
  175  16:27  Hydralisk x13  
  175  16:29  Hydralisk  
  199  16:40  Ultralisk  
  199  16:45  Ultralisk x2  
  187  17:21  Ultralisk x4  
  194  17:29  Corruptor  
  193  17:31  Zerg Flyer Weapons Level 2  
  193  17:32  Zerg Flyer Armor Level 2  
  193  17:36  Ultralisk  
  199  17:42  Overlord  
  192  17:44  Overlord  
  192  17:46  Overlord  
  192  17:47  Overlord, Overseer  
  187  17:51  Ultralisk x2  
  191  18:12  Hydralisk x13  
  167  18:23  Zergling x36  
  179  18:32  Infestor x3  
  184  18:37  Corruptor  
  184  18:38  Corruptor x8  
  184  18:40  Drone x12  
  198  18:47  Drone x3  
  199  18:49  Zerg Missile Weapons Level 2, Zerg Ground Armor Level 3  
  199  18:58  Spine Crawler  
  199  18:59  Spine Crawler  
  197  19:06  Overlord  
  197  19:09  Drone x3  
  181  19:25  Infestor x2  
  181  19:31  Drone x7  
  192  19:41  Zergling x10  
  192  19:43  Drone  
  191  20:03  Ultralisk x2  
  200  20:10  Overseer  
  200  20:11  Overseer  
  194  20:22  Zergling x12  
  197  20:56  Hatchery  
  196  21:00  Overlord x3  
  196  21:05  Overseer x3  
  196  21:08  Overseer  
  193  21:17  Zerg Flyer Weapons Level 3, Zerg Flyer Armor Level 3  
  167  21:36  Ultralisk x5  
  167  21:38  Infestor x2  
  169  21:45  Infestor  
  169  21:46  Infestor x2  
  163  21:57  Ultralisk  
  169  22:14  Drone x8  
  177  22:16  Infestor  
  177  22:17  Viper x2  
  182  22:36  Infestor x2  
  186  22:38  Ultralisk x2  
  195  22:44  Spine Crawler  
  195  22:48  Corruptor x3  
  200  22:54  Overseer x2  
  185  23:20  Drone x16  
  185  23:24  Hatchery  
  196  23:35  Spine Crawler  
  196  23:36  Spine Crawler  
  196  23:39  Extractor  
  196  23:40  Extractor  
  192  23:44  Zergling x16  
  200  23:57  Overseer  
  195  24:26  Ultralisk x2  
  161  24:41  Zergling x34  
  161  24:45  Infestor  
  170  24:59  Ultralisk x5  
  197  25:06  Drone x6  
  194  25:15  Spore Crawler, Corruptor x3  
  196  25:48  Overlord  
  189  26:14  Corruptor  
  189  26:15  Corruptor x4  
  189  26:17  Roach  
  176  26:19  Corruptor x10  
  179  26:27  Hydralisk x4  
  179  26:28  Zergling x8  
  179  26:29  Zergling x14  
  152  26:43  Zergling x14  
  149  26:49  Extractor  
  149  26:50  Extractor  
  149  26:52  Zergling x14  
  140  26:57  Infestor x2  
  140  26:59  Drone x2  
  140  27:00  Drone x3  
  149  27:06  Zergling x10  
  154  27:10  Zergling x10  
  154  27:15  Ultralisk  
  158  27:17  Zergling x6  
  158  27:18  Zergling x4  
  156  27:25  Ultralisk  
  156  27:27  Zergling x12  
  164  27:41  Ultralisk, Zergling x24  
  178  27:54  Ultralisk  
  178  27:57  Zergling x22  
  175  28:14  Infestor x3  
  175  28:16  Zergling x14  
  158  28:24  Infestor  
  158  28:25  Zergling x20  
  164  28:33  Spine Crawler, Zergling x14  
  170  28:34  Spine Crawler  
  170  28:40  Overseer  
  170  28:41  Infestor  
  171  28:43  Infestor  
  171  28:45  Zergling x10  
  184  28:55  Ultralisk  
  183  29:03  Zergling x26  
  196  29:14  Ultralisk  
  196  29:15  Ultralisk  
  186  29:26  Viper  
  186  29:30  Zergling x20  
  195  29:46  Hydralisk x2  
  197  30:05  Ultralisk, Zergling x6  
  194  30:19  Ultralisk, Zergling x2  
  186  30:31  Ultralisk x3  
  164  30:36  Ultralisk  
  164  30:38  Hydralisk  
  146  30:51  Ultralisk  
  146  30:55  Zergling x12  
  146  31:11  Drone x4  
  148  31:12  Drone  
  148  31:15  Ultralisk  
  143  31:33  Zergling x2, Ultralisk x2  
  143  31:35  Zergling x2  
  155  31:46  Zergling x14, Infestor x5  
  142  32:02  Infestor x2  
  146  32:13  Drone x3  
  146  32:14  Zergling x16  
  146  32:15  Spine Crawler  
  156  32:23  Infestor x3  
  156  32:26  Zergling x2  
  163  32:47  Ultralisk x2  
  163  32:51  Zergling x8  
  170  33:07  Zergling x6  
  170  33:09  Ultralisk  
  167  33:39  Ultralisk x2  
  177  33:52  Zergling x22  
  187  34:01  Overseer x2  
  187  34:13  Ultralisk x2  
  196  34:26  Zergling x8  
  190  34:53  Ultralisk  
  190  34:58  Zergling x10  
  197  35:21  Ultralisk  
  197  35:26  Greater Spire  
  183  36:23  Queen x3  
  189  36:25  Infestor  
  189  36:26  Infestor x2  
  195  36:39  Corruptor x2  
  199  36:56  Overseer  
  142  37:39  Ultralisk x7, Zergling x2  
  169  37:53  Infestor x7, Ultralisk x3  
  169  37:55  Zergling x2  
  180  38:09  Ultralisk, Overlord  
  186  38:17  Zergling x2  
Show
View Real Time Build Order
Export as new Build Order

llllllllllll Protoss 

Build Orders: Oracle Opening 

Get SALT Encoding   

  8  0:00  Probe  
  9  0:12  Probe  
  10  0:24  Probe  
  11  0:32  Pylon  
  11  0:36  Probe  
  12  0:48  Probe (Chrono Boost)  
  13  0:56  Gateway  
  13  1:01  Probe (Chrono Boost)  
  14  1:08  Probe (Chrono Boost)  
  14  1:09  Assimilator  
  15  1:15  Probe  
  16  1:27  Probe  
  17  1:39  Probe  
  18  1:43  Cybernetics Core  
  18  1:51  Probe  
  19  2:00  Pylon  
  19  2:05  Probe  
  20  2:15  Nexus  
  20  2:19  Adept (Chrono Boost)  
  22  2:25  Probe  
  23  2:30  Assimilator  
  23  2:38  Probe  
  23  2:41  Adept  
  26  2:50  Probe (Chrono Boost)  
  27  3:00  Stargate  
  27  3:02  Probe (Chrono Boost)  
  27  3:03  Pylon  
  28  3:09  Probe (Chrono Boost)  
  29  3:21  Probe  
  29  3:23  Warp Gate  
  30  3:28  Probe  
  30  3:33  Probe  
  32  3:34  Gateway  
  32  3:39  Stalker  
  32  3:44  Probe, Oracle (Chrono Boost)  
  36  3:50  Probe  
  37  3:56  Probe (Chrono Boost)  
  38  4:08  Probe x2 (Chrono Boost)  
  40  4:11  Pylon  
  40  4:14  Probe (Chrono Boost)  
  40  4:16  Probe (Chrono Boost)  
  42  4:17  Oracle  
  45  4:24  Probe  
  45  4:27  Probe  
  47  4:35  Nexus  
  47  4:37  Pylon  
  47  4:42  Probe x2  
  49  4:56  Twilight Council  
  49  4:59  Gateway  
  49  5:00  Probe x2  
  49  5:01  Gateway  
  51  5:12  Stalker x2  
  55  5:20  Probe (Chrono Boost), Shield Battery  
  57  5:22  Assimilator  
  57  5:23  Assimilator, Probe (Chrono Boost)  
  57  5:30  Blink (Chrono Boost)  
  57  5:34  Probe (Chrono Boost)  
  59  5:36  Probe (Chrono Boost), Stalker x2  
  63  5:45  Probe (Chrono Boost)  
  63  5:49  Probe (Chrono Boost)  
  66  5:51  Probe (Chrono Boost)  
  67  5:59  Probe x2 (Chrono Boost)  
  67  6:01  Probe (Chrono Boost), Stalker x2  
  67  6:02  Stalker  
  75  6:07  Probe  
  75  6:10  Probe  
  79  6:13  Pylon  
  79  6:14  Probe  
  79  6:15  Pylon  
  78  6:19  Probe  
  78  6:25  Pylon  
  79  6:27  Forge  
  79  6:31  Probe  
  80  6:33  Stalker x3  
  80  6:35  Stalker  
  80  6:39  Probe, Pylon  
  90  6:40  Probe  
  90  6:51  Gateway  
  90  6:54  Gateway, Probe x2  
  90  6:55  Probe  
  90  6:56  Gateway  
  93  7:06  Charge  
  93  7:10  Protoss Ground Weapons Level 1 (Chrono Boost)  
  93  7:11  Probe x2  
  93  7:15  Zealot x4  
  103  7:19  Templar Archives  
  103  7:40  Gateway  
  103  7:47  Probe x3  
  103  7:50  Assimilator  
  106  7:51  Assimilator  
  106  7:54  Shield Battery  
  106  7:55  Pylon  
  106  7:56  Photon Cannon  
  106  7:59  Zealot x2  
  110  8:11  Pylon  
  110  8:12  Photon Cannon, Pylon  
  110  8:14  Pylon, Probe  
  111  8:20  High Templar x2  
  111  8:21  High Templar  
  111  8:22  High Templar  
  111  8:25  Archon, Robotics Facility  
  111  8:26  Archon  
  119  8:28  Pylon  
  119  8:30  Pylon  
  119  8:36  Pylon  
  119  8:57  Zealot x4  
  119  8:58  Zealot x4, Fleet Beacon  
  135  9:09  Probe (Chrono Boost)  
  132  9:11  Probe x2 (Chrono Boost)  
  132  9:12  Psionic Storm  
  112  9:26  Immortal (Chrono Boost), High Templar x3  
  112  9:30  Zealot x4  
  112  9:31  Zealot, Photon Cannon  
  132  9:32  Photon Cannon  
  132  9:34  Shield Battery  
  132  9:36  Shield Battery  
  132  9:38  Photon Cannon  
  132  9:39  Photon Cannon  
  132  9:40  Protoss Ground Weapons Level 2  
  140  9:51  Mothership (Chrono Boost)  
  141  9:54  Probe (Chrono Boost)  
  141  10:01  Warp Prism (Chrono Boost)  
  141  10:02  Zealot x4  
  141  10:03  Zealot x4  
  159  10:09  Nexus  
  159  10:10  Pylon  
  161  10:44  Photon Cannon  
  161  10:45  High Templar, Photon Cannon  
  163  10:52  Shield Battery  
  163  10:55  Photon Cannon, High Templar  
  165  11:02  Immortal, Assimilator  
  167  11:06  Assimilator  
  167  11:09  Zealot x4  
  174  11:12  Pylon  
  168  11:21  High Templar x3  
  170  11:30  Tempest  
  170  11:32  Stargate  
  152  11:40  Observer (Chrono Boost)  
  152  11:41  Assimilator  
  152  11:43  Probe  
  152  11:45  Photon Cannon  
  154  11:51  High Templar  
  156  12:01  High Templar x4  
  156  12:15  Tempest (Chrono Boost)  
  152  12:18  Archon  
  154  12:25  Probe  
  155  12:36  Photon Cannon  
  155  12:43  Zealot x7  
  155  12:44  Zealot, Tempest (Chrono Boost)  
  175  12:47  Probe  
  175  12:48  Tempest (Chrono Boost)  
  174  12:52  Photon Cannon, Shield Battery  
  158  13:01  Archon  
  142  13:07  Observer  
  142  13:12  Photon Cannon, High Templar  
  145  13:15  Protoss Ground Weapons Level 3 (Chrono Boost)  
  145  13:16  Tempest (Chrono Boost)  
  145  13:17  Protoss Air Weapons Level 1  
  149  13:22  Tempest  
  149  13:24  High Templar x2  
  157  13:39  Probe  
  158  13:43  Photon Cannon x2  
  158  13:44  Photon Cannon  
  158  13:49  Immortal (Chrono Boost)  
  162  14:01  Tempest  
  166  14:19  Pylon, Shield Battery x2  
  166  14:23  Zealot x2, Shield Battery  
  169  14:25  Zealot  
  169  14:26  Immortal (Chrono Boost)  
  175  14:42  Nexus  
  175  14:43  Pylon  
  173  14:58  High Templar x4  
  181  15:01  Photon Cannon  
  181  15:03  Archon x2  
  181  15:05  Immortal  
  185  15:07  Robotics Facility  
  185  15:30  Protoss Air Weapons Level 2  
  185  15:37  Gateway, Unknown  
  185  15:39  Nexus, Gateway  
  185  15:41  Pylon  
  184  15:46  High Templar x4  
  184  15:47  High Templar x2  
  184  15:48  High Templar x2  
  198  16:06  Photon Cannon x2  
  198  16:08  Photon Cannon  
  198  16:10  Photon Cannon  
  198  16:11  Photon Cannon  
  198  16:12  Photon Cannon  
  198  16:14  Shield Battery  
  198  16:16  Shield Battery x2  
  191  16:18  Shield Battery  
  191  16:19  Shield Battery  
  191  16:24  Assimilator  
  168  16:27  Assimilator  
  152  16:40  Immortal x2 (Chrono Boost)  
  160  16:53  Protoss Shields Level 1 (Chrono Boost)  
  160  16:54  Stalker x2  
  160  16:55  Stalker, Zealot x3  
  160  16:56  Zealot  
  160  16:58  Probe  
  175  17:16  Archon  
  175  17:18  Immortal (Chrono Boost)  
  175  17:19  Immortal (Chrono Boost)  
  179  17:24  Probe  
  179  17:27  Assimilator  
  180  17:30  Zealot x8  
  158  18:22  Archon  
  162  18:28  Mothership (Chrono Boost)  
  162  18:32  High Templar x2  
  162  18:33  High Templar x2  
  164  18:42  Protoss Air Weapons Level 3 (Chrono Boost)  
  164  18:43  Pylon  
  164  18:44  Immortal x2  
  164  18:45  High Templar  
  164  18:46  High Templar x3  
  172  18:50  Archon x2  
  166  18:57  Protoss Shields Level 2 (Chrono Boost)  
  166  19:09  Shield Battery  
  164  19:23  Zealot x3  
  164  19:24  Zealot x7  
  168  19:27  Void Ray x2 (Chrono Boost)  
  183  19:51  High Templar  
  183  19:52  High Templar x3  
  185  19:54  High Templar x2  
  185  19:55  High Templar x2  
  185  19:58  Archon x2  
  185  19:59  Archon  
  179  20:05  Archon, Void Ray x2  
  187  20:16  Stalker x2  
  191  20:30  Zealot x3  
  191  20:31  Zealot  
  191  20:33  Photon Cannon  
  199  20:36  Photon Cannon x2, Nexus  
  199  20:38  Photon Cannon  
  199  20:39  Photon Cannon  
  199  20:42  Nexus  
  199  20:45  Pylon  
  199  20:51  Flux Vanes  
  199  20:52  Observer  
  192  20:57  Pylon  
  190  21:14  Photon Cannon  
  190  21:15  Photon Cannon x2  
  190  21:18  Shield Battery x2, Void Ray  
  190  21:19  Void Ray, Shield Battery  
  190  21:20  Shield Battery  
  190  21:22  Shield Battery  
  190  21:24  Photon Cannon, Shield Battery  
  190  21:25  Photon Cannon, Shield Battery  
  198  21:26  Photon Cannon  
  198  21:27  Shield Battery, Protoss Air Armor Level 1  
  198  21:28  Photon Cannon  
  198  21:29  Photon Cannon  
  198  21:31  Shield Battery  
  178  21:36  Assimilator  
  178  21:39  High Templar x2, Protoss Shields Level 3 (Chrono Boost)  
  161  21:40  High Templar  
  161  21:42  High Templar x3  
  169  22:11  Zealot x4  
  177  22:17  Photon Cannon x2  
  177  22:18  Photon Cannon  
  177  22:20  Assimilator  
  174  22:23  Zealot  
  174  22:24  Assimilator  
  174  22:26  Carrier x2 (Chrono Boost)  
  174  22:29  Immortal x2 (Chrono Boost)  
  196  22:37  Pylon  
  196  22:40  Zealot x2  
  199  22:44  Assimilator  
  199  22:48  Photon Cannon  
  199  22:53  Photon Cannon  
  199  22:58  Observer  
  199  23:20  Photon Cannon  
  199  23:26  Photon Cannon  
  196  23:28  Shield Battery  
  192  23:40  Protoss Air Armor Level 2  
  184  23:53  Zealot x8  
  200  24:06  Nexus  
  200  24:08  Pylon  
  188  24:30  Stalker x10  
  135  24:50  Photon Cannon  
  123  24:59  Mothership (Chrono Boost)  
  120  25:00  High Templar  
  120  25:01  High Templar x3  
  120  25:13  Immortal x2 (Chrono Boost)  
  120  25:17  High Templar x4  
  120  25:18  High Templar x2  
  128  25:23  Archon x2  
  128  25:27  Archon  
  128  25:33  Photon Cannon  
  126  25:35  Photon Cannon  
  126  25:36  Shield Battery  
  126  25:37  Shield Battery  
  126  25:44  Immortal (Chrono Boost)  
  126  25:45  Immortal (Chrono Boost)  
  126  25:49  High Templar x2  
  136  25:50  High Templar x2  
  136  25:54  Photon Cannon  
  136  25:55  Archon  
  136  25:56  Photon Cannon  
  140  25:59  Assimilator  
  140  26:01  Assimilator  
  140  26:13  Archon x2  
  140  26:16  Stalker x6  
  132  26:25  Stalker x3  
  132  26:26  Stalker  
  132  26:29  Void Ray x2 (Chrono Boost)  
  132  26:30  Probe  
  127  26:54  High Templar  
  127  26:55  High Templar x3  
  127  26:56  High Templar x3  
  127  26:59  Probe  
  142  27:02  Photon Cannon  
  142  27:04  Shield Battery  
  142  27:05  Archon  
  142  27:06  Shield Battery, Archon  
  142  27:07  Shield Battery  
  142  27:08  Zealot x3  
  146  27:13  Probe (Chrono Boost)  
  151  27:21  Zealot x3  
  153  27:28  Probe (Chrono Boost)  
  154  27:32  Void Ray  
  154  27:41  High Templar x2, Zealot x2  
  154  27:42  Zealot  
  154  27:43  Probe  
  165  27:46  Pylon  
  155  28:04  Probe  
  152  28:06  Photon Cannon  
  152  28:07  Zealot x5  
  152  28:08  Zealot  
  142  28:21  Zealot x2  
  142  28:23  Probe  
  143  28:31  High Templar x2  
  143  28:32  High Templar x2  
  151  28:35  High Templar x2, Probe  
  151  28:39  Photon Cannon  
  151  28:40  Archon  
  156  28:42  Cybernetics Core  
  156  28:44  Photon Cannon  
  156  28:46  Archon x2  
  156  28:47  Photon Cannon, Probe  
  157  28:58  Assimilator  
  157  28:59  Probe (Chrono Boost)  
  157  29:01  Zealot x2  
  162  29:10  Zealot  
  162  29:11  Zealot x3, Probe (Chrono Boost)  
  167  29:17  Probe (Chrono Boost)  
  167  29:20  Zealot x2  
  170  29:29  Photon Cannon  
  170  29:33  Zealot x5  
  170  29:34  Zealot  
  182  29:40  Shield Battery x2  
  182  29:42  Pylon  
  182  29:52  High Templar x2  
  177  30:11  Nexus  
  177  30:15  Archon  
  177  30:21  High Templar  
  177  30:22  High Templar x5  
  85  30:46  High Templar x2  
  95  30:57  Photon Cannon x2  
  95  30:58  Mothership (Chrono Boost)  
  95  31:05  Archon  
  95  31:08  Photon Cannon  
  95  31:12  Robotics Facility  
  95  31:15  Probe x3  
  95  31:16  High Templar  
  100  31:20  Stalker x5  
  100  31:25  Archon  
  102  31:27  Probe  
  102  31:30  Stalker x2  
  88  31:43  Stalker x5  
  92  31:55  High Templar x2  
  95  32:04  Probe (Chrono Boost)  
  95  32:06  Immortal (Chrono Boost)  
  96  32:12  Probe x2  
  102  32:20  Nexus  
  102  32:22  Shield Battery  
  102  32:34  High Templar x2  
  102  32:36  Zealot x3  
  112  32:38  High Templar  
  96  32:57  Immortal (Chrono Boost)  
  100  33:01  Archon  
  100  33:02  High Templar  
  100  33:03  Zealot x4  
  106  33:29  Immortal (Chrono Boost)  
  106  33:33  Archon  
  110  33:49  Cybernetics Core, High Templar x2  
  110  33:54  Archon  
  114  34:02  Zealot x3  
  118  34:03  Zealot x3, Immortal (Chrono Boost)  
  122  34:37  Immortal (Chrono Boost)  
  120  34:48  High Templar  
  120  34:49  Stalker x5  
  132  35:06  Immortal (Chrono Boost)  
  136  35:15  Gateway  
  136  35:25  Pylon  
  136  35:26  Pylon  
  136  35:30  Pylon  
  134  35:36  Pylon  
  134  35:42  Immortal (Chrono Boost)  
  134  35:48  Pylon  
  134  35:49  Nexus  
  138  35:51  Pylon  
  138  35:56  High Templar x2  
  142  35:57  Zealot x2  
  144  36:22  Immortal (Chrono Boost)  
  144  36:23  Twilight Council  
  148  36:27  Pylon  
  148  36:28  Shield Battery x2  
  148  36:30  Photon Cannon, Shield Battery  
  148  36:32  Pylon  
  148  36:54  Shield Battery  
  148  36:55  Pylon  
  148  37:13  Observer  
  148  37:14  Gateway  
  148  37:15  Gateway  
  113  37:33  Immortal (Chrono Boost)  
  89  37:48  Zealot  
  89  37:52  Archon  
  85  38:01  Shield Battery  
  85  38:04  Shield Battery  
  83  38:07  Immortal (Chrono Boost)  
  83  38:08  Templar Archives  
  87  38:16  Stalker x3  
  93  38:20  Nexus  
  93  38:34  Observer (Chrono Boost)  
  84  38:42  Zealot x3  
Tags
 
Add a new tag
Caveats
  • Supply blocks, unpowered buildings, or Contaminate may cause inaccurate times.
  • Supply counts are checked every 10 seconds.